 Dungeon Crawl Stone Soup version 0.28-a0-230-g086cc6695f (webtiles) character file.

Game seed: 6063602055650995261

60 Arne the Gusty (level 4, -2/24 HPs)
             Began as a Tengu Air Elementalist on Aug 21, 2021.
             Slain by Terence (4 damage)
             ... on level 3 of the Dungeon.
             The game lasted 00:10:53 (1501 turns).

Arne the Gusty (Tengu Air Elementalist)             Turns: 1501, Time: 00:10:54

Health: -2/24      AC:  3    Str:  8    XL:     4   Next: 4%
Magic:  8/8        EV:  9    Int: 16    God:
Gold:   98         SH:  7    Dex: 15    Spells: 6/7 levels left

rFire   . . .      SeeInvis .   e - +1 short sword (drain)
rCold   . . .      Faith    .   j - +0 kite shield
rNeg    . . .      Spirit   .   b - +0 leather armour
rPois   .          Reflect  .   (helmet restricted)
rElec   .          Harm     .   (no cloak)
rCorr   .          Rampage  .   (no gloves)
Will    .....                   (boots unavailable)
Stlth   ++........              (no amulet)
HPRegen 0.08/turn               (no ring)
MPRegen 0.11/turn               (no ring)

@: no status effects
A: beak, talons 3
a: no special abilities


You were on level 3 of the Dungeon.
You visited 1 branch of the dungeon, and saw 3 of its levels.

You collected 98 gold pieces.

Inventory:

Hand Weapons
 e - a +1 short sword of draining (weapon)
Armour
 a - a +0 robe
 b - a +0 leather armour (worn)
 j - a +0 kite shield (worn)
Scrolls
 c - a scroll of silence {unknown}
 g - a scroll of immolation {unknown}
 h - a scroll of identify {unknown}
 n - a scroll of teleportation {unknown}
Potions
 d - a potion of invisibility {unknown}
 f - a potion of attraction {unknown}
 i - a potion of magic {unknown}
 k - a potion of curing {unknown}
 l - a potion of lignification {unknown}
 m - a potion of flight {unknown}
 o - a potion of heal wounds {unknown}


   Skills:
 + Level 0.5 Fighting
 + Level 1.2 Short Blades
 + Level 1.0 Armour
 + Level 2.5 Dodging
 + Level 2.1 Stealth
 + Level 0.1 Shields
 + Level 0.2 Unarmed Combat
 + Level 2.4 Spellcasting
 + Level 2.1 Conjurations
 + Level 4.3 Air Magic


You had 6 spell levels left.
You knew the following spells:

 Your Spells              Type           Power      Damage    Failure   Level
a - Shock                 Conj/Air       48%        1d6       45%         1

Your spell library contained the following spells:

 Spells                   Type           Power      Damage    Failure   Level
 Static Discharge         Conj/Air       12%        N/A       61%         2
 Swiftness                Air            16%        N/A       67%         3
 Animate Skeleton         Necr           2%         N/A       89%         1
 Apportation              Tloc           2%         N/A       89%         1
 Corona                   Hex            1%         N/A       89%         1
 Summon Small Mammal      Summ           4%         N/A       89%         1
 Airstrike                Air            8%         N/A       97%         4


Dungeon Overview and Level Annotations

Branches:
Dungeon (3/15)

Altars:

Annotations:
D:3 Terence


Innate Abilities, Weirdness & Mutations

You have a beak for a mouth.
You have claws for feet.


Message History

Found a scroll labelled TEAGORIGHO.
You enter the shallow water.
Moving in this stuff is going to be slow.
Why would you want to do that? Why would you want to do that?
m - a white potion
Found 10 gold pieces.
You now have 88 gold pieces (gained 6).
You now have 98 gold pieces (gained 10).
n - a scroll labelled TEAGORIGHO
Found a stone staircase leading down.
Found a fizzy silvery potion.
o - a fizzy silvery potion As you open the door, it creaks loudly!
There is an open door here.
There is an open door here.
You enter the shallow water.
Moving in this stuff is going to be slow.
Found a whip.
You see here a +0 whip.
Terence the Incautious comes into view.
He is wielding a +0 hand axe and wearing a +4 chain mail of poison resistance.
Found a stone staircase leading down.
Terence shouts!
You block Terence's attack. You block Terence's attack.
You hit Terence but do no damage. Your kick misses Terence.
You peck Terence, but do no damage. You block Terence's attack.
You hit Terence but do no damage. Your kick misses Terence.
Terence hits you with a +0 hand axe.
You hit Terence but do no damage. You peck Terence, but do no damage.
Terence hits you with a +0 hand axe. Terence hits you with a +0 hand axe!
You closely miss Terence. Your kick misses Terence.
Terence hits you with a +0 hand axe.
* * * LOW HITPOINT WARNING * * *
You hit Terence but do no damage. Terence hits you with a +0 hand axe.
* * * LOW HITPOINT WARNING * * *
You hit Terence. You claw Terence, but do no damage. Your peck misses Terence.
Terence is moderately wounded.
Terence barely misses you. Terence hits you with a +0 hand axe.
You die...

#.# #.# # #.#
#.#.####
#.#.... ...>#
###.##########
#@...).......#
#@#.#######.##
...#.# #.#
#####.# #.#
..# #.# ###
#.# #.# ....
#.# ..##+
###### #.#


You could see Terence.

Vanquished Creatures
  2 adders (D:2)
  4 bats
  3 endoplasms
  A giant cockroach (D:2)
  2 hobgoblins
  5 quokkas
  7 ball pythons
  4 frilled lizards (D:1)
  2 goblins
  4 kobolds
  8 rats
42 creatures vanquished.

Notes
Turn   | Place    | Note
-------+----------+-------------------------------------------
     0 | D:1      | Arne the Tengu Air Elementalist began the quest for the
                  | Orb.
     0 | D:1      | Reached XP level 1. HP: 10/10 MP: 4/4
   137 | D:1      | Reached XP level 2. HP: 15/15 MP: 6/6
   318 | D:1      | Found a faded altar of an unknown god.
   707 | D:2      | Reached XP level 3. HP: 14/19 MP: 5/7
   758 | D:2      | Reached skill level 1 in Short Blades
   902 | D:2      | Reached skill level 1 in Armour
  1009 | D:2      | Reached XP level 4. HP: 22/24 MP: 8/8
  1493 | D:3      | Noticed Terence
  1501 | D:3      | Slain by Terence

Illustrated notes

Levels and vault maps discovered:
D:1:      tarquinn_simple_flora_water_f, layout_loops_ring,
          hellmonk_ecumenical_altar_zigzags
D:2:      layout_basic
D:3:      layout_basic, serial_rivers, chequers_serial_rivers_small_3,
          chequers_serial_rivers_large_a, chequers_serial_rivers_micro_d,
          chequers_serial_rivers_micro_a, chequers_serial_rivers_micro_d,
          chequers_serial_rivers_micro_e, minivault_27, uniq_terence

Skill      XL: |  1  2  3 |
---------------+----------+-----
Conjurations   | 2 |  2.1
Short Blades   | 1 |  1.2
Armour         | 1 |  1.0
Fighting       | |  0.5
Dodging        | |  2.5
Stealth        | |  2.1
Shields        | |  0.1
Unarmed Combat | |  0.2
Spellcasting   | |  2.4
Air Magic      | |  4.3

Action                   |  1- 3 |  4- 6 || total
-------------------------+-------+-------++-------
Melee: Short sword       |    67 |     9 ||    76
       Kick              |     9 |     1 ||    10
       Unarmed           |     2 |       ||     2
       Peck              |     7 |     2 ||     9
 Cast: Shock             |    17 |       ||    17
 Stab: Sleeping          |     5 |     1 ||     6
Armor: Leather armour    |    16 |       ||    16
Dodge: Dodged            |    39 |     1 ||    40
Block: Kite shield       |    13 |     3 ||    16

Table legend: (Time is in decaauts)
 A = Elapsed time spent in this place.
 B = Non-inter-level travel time spent in this place.
 C = Inter-level travel time spent in this place.
 D = Time resting spent in this place.
 E = Time spent auto-exploring this place.
 F = Levels seen in this place.
 G = Mean time per level.
                   A        B        C        D        E       F      G
               +--------+--------+--------+--------+--------+-----+--------+
         Total |   1516 |   1516 |      0 |      0 |     49 |   3 |  505.3 |
       Dungeon |   1516 |   1516 |      0 |      0 |     49 |   3 |  505.3 |
               +--------+--------+--------+--------+--------+-----+--------+

Top non-repeatable levels by time:
     D:1: 661 daAuts
     D:2: 549 daAuts
     D:3: 304 daAuts
